 Dungeon Crawl Stone Soup version 0.29.0-13-gc9e81de378 (webtiles) character file.

Game seed: 7946785554058317822

258263 Strat the Wrestler (level 20, -4/171 HPs)
             Began as a Ghoul Summoner on Sept 10, 2022.
             Was the Champion of Hepliaklqana.
             Killed from afar by an ironbound thunderhulk (19 damage)
             ... with a bolt of lightning
             ... on level 4 of the Vaults.
             The game lasted 01:42:24 (49685 turns).

Strat the Wrestler (Ghoul Summoner)                Turns: 49685, Time: 01:42:26

Health: -4/171     AC: 27    Str: 21    XL:     20   Next: 28%
Magic:  0/29       EV: 13    Int: 10    God:    Hepliaklqana [******]
Gold:   3539       SH: 14    Dex: 18    Spells: 18/22 levels left

rFire   + . .      SeeInvis +     - Unarmed
rCold   + . .      Faith    .   X - +0 kite shield
rNeg    + + +      Spirit   +   v - +8 plate armour of Qas Lea {rF+}
rPois   ∞          Reflect  .   t - +2 hat of the Everdark {Dex+9}
rElec   .          Harm     .   g - +2 cloak {Will+}
rCorr   .          Rampage  .   (no gloves)
Will    ++...                   x - +2 pair of boots
Stlth   ..........              G - amulet of guardian spirit
HPRegen 0.00/turn               i - ring of see invisible
MPRegen 0.21/turn               E - +4 ring of evasion

@: corroded, inhibited regen
A: reduced essence, claws 1, cold resistance 1, negative energy resistance 3,
inhibited regeneration, torment resistance 2, devour on kill
}: 1/15 runes: gossamer
a: Renounce Religion, Recall Ancestor, Ancestor Identity, Transference, Idealise


You were on level 4 of the Vaults.
You worshipped Hepliaklqana.
Hepliaklqana was exalted by your worship.
You visited 5 branches of the dungeon, and saw 30 of its levels.
You also visited: Ossuary and Gauntlet.

You collected 4071 gold pieces.
You spent 532 gold pieces at shops.

Inventory:

Missiles
 r - 32 poisoned darts
 s - 2 throwing nets
 u - 4 javelins
 Z - 5 silver javelins
Armour
 g - a +2 cloak of willpower (worn)
 t - the +2 hat of the Everdark (worn) {Dex+9}
   (You found it on level 4 of the Spider Nest)

   Dex:       It affects your dexterity (+9).
 v - the +8 plate armour of Qas Lea (worn) {rF+}
   (You bought it in a shop on level 2 of the Orcish Mines)

   rF:        It protects you from fire.
 x - a +2 pair of boots (worn)
 X - a +0 kite shield (worn)
Jewellery
 b - an amulet of regeneration
 i - a ring of see invisible (left claw)
 E - a +4 ring of evasion (right claw)
 G - an amulet of guardian spirit (around neck)
 O - the amulet "Neikaod" {Acrobat rElec Int+4}
   (You found it in a Gauntlet)

   [amulet of the acrobat]

   It increases your evasion while moving and waiting.
   Int:       It affects your intelligence (+4).
   rElec:     It insulates you from electricity.
Wands
 c - a wand of polymorph (7)
 m - a wand of quicksilver (1)
 B - a wand of digging (6)
 F - a wand of flame (25)
 M - a wand of paralysis (9)
 R - a wand of roots (3)
 T - a wand of mindburst (10)
Scrolls
 a - 2 scrolls of fear
 k - a scroll of acquirement
 l - 2 scrolls of amnesia
 y - a scroll of teleportation
 z - 7 scrolls of magic mapping
 J - 4 scrolls of poison
 K - 2 scrolls of enchant armour
 P - 2 scrolls of fog
 S - 2 scrolls of blinking
 U - 5 scrolls of silence
Potions
 d - 7 potions of curing
 e - 2 potions of heal wounds
 h - 8 potions of flight
 j - a potion of invisibility
 q - 2 potions of magic
 C - 3 potions of resistance
 I - 4 potions of ambrosia
 L - a potion of might
 N - a potion of cancellation
 Q - 4 potions of attraction
 W - 3 potions of brilliance
Miscellaneous
 f - a condenser vane


   Skills:
 + Level 19.1 Fighting
 - Level 10.0 Armour
 + Level 7.2 Dodging
 - Level 2.1 Stealth
 - Level 14.0 Shields
 + Level 21.9 Unarmed Combat
 - Level 1.7 Spellcasting
 - Level 3.6 Summonings
 + Level 13.5 Invocations
 + Level 7.8 Evocations


You had 18 spell levels left.
You knew the following spells:

 Your Spells              Type           Power      Damage    Failure   Level
a - Summon Small Mammal   Summ           32%        N/A       91%         1
b - Call Imp              Summ           8%         N/A       97%         2
c - Apportation           Tloc           0%         N/A       100%        1

Your spell library contained the following spells:

 Spells                   Type           Power      Damage    Failure   Level
 Call Canine Familiar     Summ           8%         N/A       99%         3
 Foxfire                  Conj/Fire      0%         2x1d4     100%        1
 Freeze                   Ice            0%         1d3       100%        1
 Magic Dart               Conj           0%         1d3       100%        1
 Necrotise                Necr           0%         1d4       100%        1
 Sandblast                Erth           0%         2d4       100%        1
 Slow                     Hex            0%         N/A       100%        1
 Sting                    Tmut/Pois      0%         1d3       100%        1
 Ensorcelled Hibernation  Hex/Ice        0%         N/A       100%        2
 Passwall                 Tmut/Erth      0%         N/A       100%        2
 Poisonous Vapours        Pois/Air       0%         N/A       100%        2
 Confusing Touch          Hex            0%         N/A       100%        3
 Conjure Flame            Conj/Fire      0%         6-21      100%        3
 Frozen Ramparts          Ice            0%         1d1       100%        3
 Ignite Poison            Fire/Tmut/Pois 0%         N/A       100%        3
 Inner Flame              Hex/Fire       0%         N/A       100%        3
 Mephitic Cloud           Conj/Pois/Air  0%         N/A       100%        3
 Portal Projectile        Hex/Tloc       0%         N/A       100%        3
 Stone Arrow              Conj/Erth      0%         3d7       100%        3
 Summon Guardian Golem    Hex/Summ       4%         N/A       100%        3
 Vampiric Draining        Necr           0%         2d6       100%        3
 Airstrike                Air            0%         2d(0-16)  100%        4
 Anguish                  Hex/Necr       0%         N/A       100%        4
 Corpse Rot               Necr/Pois/Air  0%         N/A       100%        4
 Flame Wave               Conj/Fire      0%         2d4       100%        4
 Fulminant Prism          Conj/Hex       0%         3d6       100%        4
 Iskenderun's Mystic Bla  Conj/Tloc      0%         2d3       100%        4
 Leda's Liquefaction      Hex/Erth       0%         N/A       100%        4
 Olgreb's Toxic Radiance  Pois           0%         N/A       100%        4
 Petrify                  Tmut/Erth      0%         N/A       100%        4
 Summon Lightning Spire   Summ/Air       4%         N/A       100%        4
 Fireball                 Conj/Fire      0%         3d3       100%        5
 Freezing Cloud           Conj/Ice/Air   0%         6-21      100%        5
 Irradiate                Conj/Tmut      0%         3d11      100%        5
 Lee's Rapid Deconstruct  Erth           0%         3d5*      100%        5
 Lightning Bolt           Conj/Air       0%         1d11      100%        5
 Conjure Ball Lightning   Conj/Air       0%         3x3d6     100%        6
 Simulacrum               Ice/Necr       0%         N/A       100%        6
 Starburst                Conj/Fire      0%         6d3       100%        6
 Enfeeble                 Hex            0%         N/A       100%        7
 Orb of Destruction       Conj           0%         9d5       100%        7
 Spellforged Servitor     Conj/Summ      2%         N/A       100%        7
 Summon Hydra             Summ           4%         N/A       100%        7
 Ignition                 Fire           0%         3d3       100%        8
 Sublimation of Blood     Necr           Unusable   N/A       N/A         2
 Spider Form              Tmut/Pois      Unusable   N/A       N/A         3

Dungeon Overview and Level Annotations

Branches:
Dungeon (15/15)            Temple (0/1) D:7            Lair (5/5) D:8
 Shoals (0/4) Lair:3       Spider (4/4) Lair:2        Slime (0/5) Lair:5
    Orc (2/2) D:11            Elf (0/3) Orc:2        Vaults (4/5) D:14
  Crypt (0/3) Vaults:3     Depths (0/4) D:15        Ossuary (visited)
Gauntlet (visited)

Altars:
Dithmenos
Hepliaklqana
Okawaru
Ru
Sif Muna
Uskayaw
Yredelemnul
Jiyva

Shops:
D:2 ?   D:7 *   Orc:1 (*   Orc:2 *=[(   Vaults:2 *   Vaults:3 *

Portals:
Trove: Vaults:1 (give 6 scrolls of fog)

Annotations:
Lair:2 3 runed translucent doors, BigDaddyOpFi's ghost, journeyman GrFi
Spider:2 2 runed translucent doors, groovy9's ghost, journeyman MiBe
Vaults:1 3 runed translucent doors, Yjimoseergh's ghost, adept SpFE
Vaults:3 2 transporters, heteroy's ghost, veteran GrEE
Vaults:4 Sojobo


Innate Abilities, Weirdness & Mutations

Your life essence is reduced to manifest your ancestor. (-10% HP)
You are immune to poison.
You have sharp fingernails.
Your flesh is cold resistant. (rC+)
You are immune to negative energy. (rN+++)
You do not regenerate when monsters are visible.
You are immune to unholy pain and torment.
You thrive by killing the living.


Message History

Electricity crackles from the ironbound thunderhulk's apparatus.
The bolt of lightning hits you!!
* * * LOW HITPOINT WARNING * * *
There is an open door here.
Electricity crackles from the ironbound thunderhulk's apparatus.
The bolt of lightning misses you.
The tengu reaver attacks as you move away!
You block the tengu reaver's attack. The tengu reaver barely misses you.
The tengu reaver claws you but does no damage.
The tengu reaver attacks as you move away!
The tengu reaver hits you with a +0 battleaxe.
* * * LOW HITPOINT WARNING * * *
The tengu reaver pecks you but does no damage.
The tengu reaver claws you.
* * * LOW HITPOINT WARNING * * *
Electricity crackles from the ironbound thunderhulk's apparatus.
The bolt of lightning hits you!!
* * * LOW HITPOINT WARNING * * *
You feel better. The tengu reaver barely misses you.
The tengu reaver pecks you but does no damage.
You block the tengu reaver's attack.
You feel better.
The tengu reaver hits you with a +0 battleaxe!!
* * * LOW HITPOINT WARNING * * *
The tengu reaver pecks you but does no damage.
The tengu reaver claws you but does no damage.
You feel better.
A tengu reaver comes into view. It is wielding a +3 vorpal war axe.
The tengu reaver hits you with a +0 battleaxe!
* * * LOW HITPOINT WARNING * * *
The tengu reaver pecks you but does no damage.
You block the tengu reaver's attack.
You feel better.
The tengu reaver shouts!
You block the tengu reaver's attack.
The tengu reaver pecks you but does no damage.
You block the tengu reaver's attack.
Electricity crackles from the ironbound thunderhulk's apparatus.
The bolt of lightning hits you!!
You die...

#......§# #....##
###'###)# #...##
........###########'###
...).)..))..#...#...#
.......)#...O#.##...#
........#...#Q#.#...#
........######O###'##
........#.#.#.#Q#.#.#
#########..#.#.#@#..#
#.#.#.#.#.#.#
####'#<###'## #?.)#.#)#
..# #...##.## .#
#...#...# .# #'''#####
# ###....### #........#


You could see Sojobo (repels missiles), 2 ironbound thunderhulks and a tengu
reaver.

Vanquished Creatures
  Jorgrun (Lair:2)
  A lich (Vaults:3)
  Rupert (D:13)
  A sphinx (Vaults:1)
  7 vault wardens
  4 emperor scorpions
  An orc warlord (Orc:2)
  4 ghost moths
  A war gargoyle (Vaults:4)
  2 very ugly things (Vaults:3)
  9 ironbound preservers
  3 ironbound thunderhulks
  A broodmother (Spider:4)
  4 dire elephants
  4 entropy weavers
  A spark wasp (Spider:4)
  2 deep elf death magi
  A fire dragon (D:15)
  A great orb of eyes (Vaults:2)
  An ettin (Orc:2)
  Josephine (Orc:1)
  4 yaktaur captains
  A vault guard (Vaults:2)
  2 boulder beetles
  7 hydras
  Harold (Orc:1)
  2 ogre magi
  2 jorogumos
  A catoblepas (Lair:1)
  3 ironbound frosthearts
  12 centaur warriors
  3 two-headed ogres
  2 tengu warriors (D:15)
  3 death yaks
  An orc high priest (Orc:2)
  2 deep elf knights
  3 sun moths
  6 pharaoh ants
  2 skeletal warriors (D:13)
  A sea snake (Lair:5)
  27 deep trolls
  A glowing orange brain (Vaults:2)
  5 steelbarb worms
  6 ironbound convokers
  A flayed ghost (Vaults:3)
  4 wizards
  4 lindwurms
  3 harpies (Vaults:3)
  2 necromancers
  5 orb spiders
  2 deep elf pyromancers
  A phantasmal warrior (Vaults:3)
  20 wolf spiders
  9 orc knights
  2 cyclopes
  7 manticores
  17 ugly things
  6 orc sorcerers
  2 moths of wrath (Spider:3)
  2 black mambas
  7 vault sentinels
  6 elephants
  A torpor snail (Spider:3)
  A stone giant skeleton (Vaults:2)
  A rust devil (Gauntlet)
  6 cane toads
  2 rime drakes
  An efreet (D:14)
  17 yaktaurs
  7 demonic crawlers
  3 kobold demonologists
  6 komodo dragons
  2 freezing wraiths (D:14)
  3 meliai (D:15)
  2 trolls (D:9)
  2 hornets (Lair:5)
  A sphinx simulacrum (Vaults:1)
  A polar bear (Lair:3)
  A dream sheep (Lair:1)
  A wind drake (Lair:5)
  20 slime creatures
  26 tarantellas
  3 blink frogs
  23 culicivoras
  A centaur simulacrum (D:11)
  An elf simulacrum (Vaults:2)
  18 jumping spiders
  A vampire (D:14)
  2 wraiths (Orc:1)
  2 shadows (D:11)
  A ynoxinul (Gauntlet)
  44 yaks
  2 basilisks
  6 wyverns
  7 humans (D:14)
  48 redbacks
  A steam dragon (D:7)
  9 vampire mosquitoes
  Menkaure (D:7)
  A warg (Orc:2)
  A swamp worm (shapeshifter) (Vaults:3)
  2 acid dragons
  13 water moccasins
  16 orc warriors
  3 sky beasts
  2 black bears
  An ice beast (D:6)
  4 boggarts
  2 ogres (Orc:1)
  6 centaurs
  4 wolves
  A lemure (D:7)
  A phantom (D:4)
  A kobold brigand (D:7)
  3 bullfrogs
  A necrophage (D:8)
  15 scorpions
  A glowing shapeshifter simulacrum (Vaults:1)
  5 wights (D:9)
  A howler monkey (D:6)
  A crimson imp (Gauntlet)
  4 centaur zombies (Ossuary)
  A human zombie (Ossuary)
  4 jellies
  7 orc priests
  Crazy Yiuf (D:7)
  A gnoll bouda (Lair:1)
  4 hounds
  An iron imp (Gauntlet)
  20 orc wizards
  5 hell rats
  2 polar bear simulacra (Lair:3)
  2 wolf simulacra (Lair:3)
  2 mummies (Ossuary)
  3 adders
  A white imp (D:6)
  An adder zombie (Ossuary)
  2 worms
  A dart slug (D:1)
  32 orcs
  An endoplasm (D:2)
  3 giant cockroaches (D:1)
  9 goblins
  8 hobgoblins
  8 kobolds
  7 quokkas
  3 ball pythons
  2 bats (D:1)
  2 frilled lizards (D:1)
  2 goblin zombies (Ossuary)
  8 hobgoblin zombies (Ossuary)
  A jackal zombie (Ossuary)
  3 kobold zombies (Ossuary)
  6 orc zombies (Ossuary)
  5 rats
  A rat zombie (Ossuary)
770 creatures vanquished.

Vanquished Creatures (collateral kills)
  A dread lich (Vaults:3)
  Frances (D:13)
  A fire giant (Vaults:2)
  A frost giant (Vaults:2)
  2 orc warlords
  3 emperor scorpions
  A curse skull (Vaults:3)
  4 ghost moths
  A vault warden (Vaults:3)
  A quicksilver ooze (Gauntlet)
  2 ironbound preservers
  2 very ugly things (Vaults:3)
  An ironbound thunderhulk (Vaults:2)
  4 dire elephants
  A minotaur (Gauntlet)
  An eidolon (Vaults:3)
  A great orb of eyes (Vaults:1)
  3 yaktaur captains
  Erolcha (D:10)
  A peacekeeper (Vaults:4)
  A vault guard (Vaults:2)
  An ice dragon (D:15)
  4 ironbound frosthearts
  A hydra (D:15)
  4 boulder beetles
  A two-headed ogre (D:14)
  2 catoblepae
  A merfolk avatar (Lair:5)
  6 centaur warriors
  2 orc high priests (Orc:2)
  Urug (D:14)
  A deep elf knight (D:15)
  Nergalle (Lair:2)
  A sun moth (Spider:2)
  2 pharaoh ants (Spider:1)
  5 steelbarb worms
  2 skeletal warriors (D:13)
  7 deep trolls
  6 orb spiders
  3 lindwurms
  A deep elf archer (D:15)
  4 ironbound convokers
  A tengu zombie (Vaults:1)
  3 harpies
  A deep elf pyromancer (D:11)
  A phantasmal warrior (Vaults:3)
  4 orc knights
  A necromancer (Vaults:2)
  3 cyclopes
  7 ugly things
  3 wolf spiders
  2 manticores
  5 elephants
  4 black mambas
  3 moths of wrath
  3 vault sentinels
  A torpor snail (Spider:3)
  5 demonic crawlers
  A smoke demon (Gauntlet)
  4 cane toads
  7 yaktaurs
  2 rime drakes
  A human skeleton (Vaults:2)
  2 komodo dragons (Lair:5)
  A tengu conjurer (D:13)
  A queen bee (shapeshifter) (D:14)
  4 meliai
  A polar bear (Lair:5)
  2 wind drakes
  14 tarantellas
  4 blink frogs
  10 slime creatures
  A snapping turtle (Lair:3)
  Prince Ribbit (D:7)
  10 jumping spiders
  10 culicivoras
  A shadow (D:13)
  2 wyverns
  2 wraiths
  4 vampires
  18 yaks
  5 humans (D:14)
  2 basilisks
  3 steam dragons
  7 vampire mosquitoes
  An acid dragon (D:12)
  A yaktaur simulacrum (Vaults:2)
  33 redbacks
  6 wargs
  10 water moccasins
  11 orc warriors
  2 boggarts (Vaults:2)
  3 ogres (Orc:2)
  3 wolves
  4 centaurs
  2 kobold brigands
  A bullfrog (Lair:4)
  A glowing shapeshifter simulacrum (Vaults:2)
  17 scorpions (Spider:1)
  A howler monkey (D:10)
  2 crimson imps (Gauntlet)
  3 hounds
  10 orc priests
  An iron imp (Gauntlet)
  10 orc wizards
  9 hell rats
  3 polar bear simulacra (Lair:3)
  A wolf simulacrum (Lair:3)
  A yak simulacrum (Lair:3)
  An adder zombie (Ossuary)
  A worm (D:4)
  21 orcs
  An endoplasm (D:3)
  4 goblins
  A hobgoblin (D:4)
  2 quokkas
  5 hobgoblin zombies (Ossuary)
  5 kobolds
  2 kobold zombies (Ossuary)
  An orc zombie (Ossuary)
  2 river rat simulacra (Lair:3)
439 creatures vanquished.

Vanquished Creatures (others)
  An ironbound convoker (Vaults:2)
  A yaktaur (Vaults:3)
  A redback (Spider:2)
  57 battlemagi
  4 ancestors (D:7)
  5 bushes (D:14)
  49 fungi
  65 plants
183 creatures vanquished.

Grand Total: 1392 creatures vanquished

Notes
Turn   | Place    | Note
-------+----------+-------------------------------------------
     0 | D:1      | Strat the Ghoul Summoner began the quest for the Orb.
     0 | D:1      | Reached XP level 1. HP: 14/14 MP: 2/2
   255 | D:1      | Reached skill level 1 in Unarmed Combat
   288 | D:1      | Reached XP level 2. HP: 20/22 MP: 3/3
   312 | D:1      | Learned a level 2 spell: Call Imp
   451 | D:1      | Reached skill level 1 in Fighting
   665 | D:1      | Reached skill level 2 in Unarmed Combat
  1408 | D:2      | Reached XP level 3. HP: 28/28 MP: 1/4
  2005 | D:2      | Found a faded altar of an unknown god.
  2292 | D:2      | Found Azxoras's Magic Scroll Boutique.
  2542 | D:3      | Reached skill level 3 in Unarmed Combat
  2947 | D:3      | Reached XP level 4. HP: 36/36 MP: 2/5
  3449 | D:4      | Found a sacrificial altar of Ru.
  3778 | D:4      | Found a hide-covered altar of Uskayaw.
  4047 | D:4      | Found a shimmering blue altar of Sif Muna.
  4107 | D:4      | Reached skill level 4 in Unarmed Combat
  4107 | D:4      | Reached XP level 5. HP: 31/42 MP: 3/6
  4712 | D:4      | Reached skill level 5 in Unarmed Combat
  4712 | D:4      | Reached XP level 6. HP: 49/51 MP: 5/7
  4836 | D:5      | Entered Level 5 of the Dungeon
  5040 | D:5      | You fall into a shaft and drop 1 floor!
  5120 | D:6      | Noticed a water moccasin
  5146 | D:6      | Killed a water moccasin
  5450 | D:5      | Noticed a black bear
  5504 | D:4      | Reached skill level 6 in Unarmed Combat
  5504 | D:4      | Reached XP level 7. HP: 32/59 MP: 6/8
  5896 | D:5      | Found a shadowy altar of Dithmenos.
  5968 | D:5      | Reached skill level 7 in Unarmed Combat
  6044 | D:5      | Found a hazy altar of Hepliaklqana.
  6286 | D:5      | Reached skill level 5 in Fighting
  6286 | D:5      | Reached skill level 1 in Armour
  6447 | D:5      | Became a worshipper of Hepliaklqana the Forgotten
  6516 | D:6      | Reached XP level 8. HP: 68/68 MP: 9/9
  6591 | D:6      | Reached skill level 8 in Unarmed Combat
  6868 | D:6      | Reached skill level 9 in Unarmed Combat
  7253 | D:7      | Noticed Pikel
  7321 | D:7      | Reached * piety under Hepliaklqana
  7328 | D:7      | Found a staircase to the Ecumenical Temple.
  7329 | D:7      | Noticed Menkaure
  7555 | D:7      | Noticed Maggie
  7815 | D:7      | Noticed Maggie
  7815 | D:7      | Maggie changed into Maggie the acid dragon
  7841 | D:7      | Noticed Maggie
  7841 | D:7      | Maggie the acid dragon changed into Maggie the steam dragon
  7960 | D:7      | Killed Maggie the steam dragon
  7961 | D:7      | Reached skill level 10 in Unarmed Combat
  7961 | D:7      | Reached XP level 9. HP: 65/66 MP: 10/10
  8081 | D:7      | Noticed Prince Ribbit
  8319 | D:7      | Found a basalt altar of Yredelemnul.
  8358 | D:7      | Found Taguhy's Gadget Gallery.
  8364 | D:7      | Noticed Pikel
  8364 | D:7      | Pikel changed into Pikel the culicivora
  8375 | D:7      | Killed Pikel the culicivora
  8376 | D:7      | Reached skill level 5 in Armour
  8523 | D:7      | Killed Prince Ribbit
  8524 | D:7      | Reached skill level 1 in Shields
  9097 | D:7      | Found a runed translucent door.
  9098 | D:7      | Noticed Crazy Yiuf
  9180 | D:7      | Killed Menkaure
  9306 | D:7      | Reached skill level 11 in Unarmed Combat
  9358 | D:7      | Killed Crazy Yiuf
  9652 | D:8      | Reached XP level 10. HP: 61/72 MP: 11/11
  9833 | D:8      | Found a sand-covered staircase.
  9839 | Ossuary  | Entered an ossuary
 10011 | Ossuary  | Reached skill level 5 in Shields
 10276 | D:9      | Reached skill level 12 in Unarmed Combat
 10893 | D:9      | Found an iron altar of Okawaru.
 10895 | D:9      | Reached ** piety under Hepliaklqana
 10896 | D:9      | Remembered your ancestor Sunngifu as a battlemage
 10951 | D:9      | Reached skill level 13 in Unarmed Combat
 11162 | D:10     | Entered Level 10 of the Dungeon
 11200 | D:10     | Noticed Erolcha
 11223 | D:10     | Killed Erolcha
 11507 | D:10     | Reached XP level 11. HP: 59/80 MP: 9/12
 12224 | D:11     | Found a staircase to the Orcish Mines.
 12314 | D:11     | Noticed a boulder beetle
 12330 | D:11     | Killed a boulder beetle
 12633 | D:11     | Reached skill level 14 in Unarmed Combat
 12903 | D:11     | Noticed an eight-headed hydra
 13068 | D:11     | Noticed a deep elf pyromancer
 13069 | D:11     | Noticed an ogre mage
 13133 | D:11     | Killed a deep elf pyromancer
 13153 | D:11     | Killed an ogre mage
 13436 | D:11     | Got the Precepts of the Catfish
 13471 | D:11     | Noticed a manticore
 13478 | D:11     | Killed a manticore
 13479 | D:11     | Noticed a manticore
 13489 | D:11     | Killed a manticore
 13591 | D:11     | Noticed a manticore
 13594 | D:11     | Killed a manticore
 13620 | D:11     | Noticed a two-headed ogre
 13793 | D:12     | Reached *** piety under Hepliaklqana
 14011 | D:12     | Reached XP level 12. HP: 93/94 MP: 13/13
 14101 | D:12     | Noticed a boulder beetle
 14107 | D:12     | Killed a boulder beetle
 14161 | D:12     | Reached skill level 10 in Fighting
 14585 | D:12     | Noticed a two-headed ogre
 14791 | D:12     | Reached skill level 10 in Armour
 14879 | D:12     | Reached skill level 1 in Invocations
 15074 | D:12     | Killed a two-headed ogre
 15602 | D:8      | Found a staircase to the Lair.
 16104 | D:8      | Noticed a two-headed ogre
 16109 | D:8      | Killed a two-headed ogre
 16200 | D:8      | Reached **** piety under Hepliaklqana
 16558 | Lair:1   | Entered Level 1 of the Lair of Beasts
 16572 | Lair:1   | You fall into a shaft and drop 1 floor!
 16737 | Lair:2   | Noticed Nergalle
 16746 | Lair:2   | Killed Nergalle
 16747 | Lair:2   | Reached XP level 13. HP: 98/104 MP: 15/15
 16773 | Lair:2   | Found a runed translucent gate.
 16773 | Lair:2   | Found a runed translucent gate.
 16773 | Lair:2   | Found a runed translucent gate.
 16777 | Lair:2   | Noticed BigDaddyOpFi's ghost (journeyman GrFi)
 16850 | Lair:2   | Reached skill level 5 in Invocations
 17002 | Lair:2   | Identified the -2 cloak of Gozag's Fury {rElec rF+++ rC-
                  | Str+5}
 17010 | Lair:2   | Reached skill level 15 in Unarmed Combat
 17152 | Lair:2   | Found a hole to the Spider Nest.
 17883 | Lair:2   | Found a viscous altar of Jiyva.
 18612 | Lair:1   | Reached ***** piety under Hepliaklqana
 19810 | Lair:3   | Found a gate leading to a gauntlet.
 19819 | Gauntlet | Entered a Gauntlet
 19819 | Gauntlet | Found a transporter.
 19819 | Gauntlet | Found a transporter.
 19819 | Gauntlet | Found a transporter.
 19828 | Gauntlet | Found a transporter.
 19854 | Gauntlet | Found a transporter.
 19892 | Gauntlet | Found a transporter.
 19911 | Gauntlet | Found a transporter.
 19915 | Gauntlet | Identified the amulet "Neikaod" {Acrobat rElec Int+4}
 19925 | Gauntlet | Found a transporter.
 19926 | Gauntlet | Noticed a quicksilver ooze
 19930 | Gauntlet | Killed a quicksilver ooze
 20086 | Gauntlet | Noticed a minotaur
 20101 | Gauntlet | Killed a minotaur
 20102 | Gauntlet | Reached skill level 16 in Unarmed Combat
 20381 | Lair:3   | Reached XP level 14. HP: 107/116 MP: 16/19
 20397 | Lair:3   | Found an iron altar of Okawaru.
 20580 | Lair:3   | Found a staircase to the Shoals.
 21781 | Lair:4   | Got the Almanac of Too Many Cooks
 22029 | Lair:4   | Found a shimmering blue altar of Sif Muna.
 22192 | Lair:5   | Entered Level 5 of the Lair of Beasts
 22337 | Lair:5   | Found a staircase to the Slime Pits.
 22357 | Lair:5   | Found a viscous altar of Jiyva.
 22437 | Lair:5   | Reached ****** piety under Hepliaklqana
 22862 | Lair:4   | Reached skill level 10 in Invocations
 23166 | Lair:5   | Reached skill level 17 in Unarmed Combat
 24121 | Lair:5   | Found the +7 captain's cutlass {speed, disarm}
 24569 | Orc:1    | Entered Level 1 of the Orcish Mines
 24575 | Orc:1    | Noticed Harold
 24579 | Orc:1    | Noticed Josephine
 25009 | Orc:1    | Killed Harold
 25021 | Orc:1    | Killed Josephine
 25287 | Orc:1    | Found Gyaj's Assorted Antiques.
 25399 | Orc:1    | Reached XP level 15. HP: 43/125 MP: 8/21
 25882 | Orc:1    | Found Magiawaz's Weapon Shop.
 26132 | Orc:2    | Entered Level 2 of the Orcish Mines
 26359 | Orc:2    | Found Faecs's Antique Armour Shop.
 26417 | Orc:2    | Noticed an orc warlord
 26435 | Orc:2    | Noticed an orc warlord
 26634 | Orc:2    | Found a staircase to the Elven Halls.
 26763 | Orc:2    | Found Xaocroic's Jewellery Emporium.
 26792 | Orc:2    | Found Vaino's General Store.
 27522 | Orc:2    | Killed an orc warlord
 27542 | Orc:2    | Killed an orc warlord
 28035 | Orc:2    | Found Fohabom's Antique Weapon Shop.
 28251 | Orc:2    | Bought a shimmering plate armour for 532 gold pieces
 28251 | Orc:2    | Identified the +8 plate armour of Qas Lea {rF+} (You bought
                  | it in a shop on level 2 of the Orcish Mines)
 28490 | D:13     | Noticed Rupert
 28495 | D:13     | Paralysed by Rupert for 5 turns
 28530 | D:13     | Noticed Frances
 28954 | D:13     | Killed Frances
 29133 | D:13     | Paralysed by Rupert for 5 turns
 29408 | D:13     | Reached skill level 10 in Shields
 29487 | D:13     | Identified a scroll of acquirement
 29666 | D:13     | Killed Rupert
 29755 | D:14     | Noticed Urug
 29755 | D:14     | Found a gate to the Vaults.
 30197 | D:14     | Acquired 416 gold pieces
 30412 | D:14     | Killed Urug
 30418 | D:14     | Reached XP level 16. HP: 116/132 MP: 18/22
 30749 | D:14     | Reached skill level 15 in Fighting
 31099 | D:15     | Entered Level 15 of the Dungeon
 31833 | D:15     | Reached skill level 18 in Unarmed Combat
 32262 | D:15     | Found a staircase to the Depths.
 32729 | Spider:1 | Entered Level 1 of the Spider Nest
 32944 | Spider:1 | Noticed Jorgrun
 33778 | Lair:2   | Killed Jorgrun
 35326 | Spider:1 | Reached XP level 17. HP: 140/140 MP: 23/23
 35385 | Spider:1 | Reached skill level 19 in Unarmed Combat
 37313 | Spider:2 | Found a large runed translucent door.
 37314 | Spider:2 | Found a large runed translucent door.
 37660 | Spider:2 | Noticed groovy9's ghost (journeyman MiBe)
 39587 | Spider:3 | Reached skill level 20 in Unarmed Combat
 40258 | Spider:4 | Entered Level 4 of the Spider Nest
 40455 | Spider:4 | Reached skill level 1 in Evocations
 40911 | Spider:4 | Reached XP level 18. HP: 146/153 MP: 20/24
 41440 | Spider:4 | Identified the +1 pair of boots of the Minstrel {rC++ Str+2
                  | Int+2 Stlth-}
 41521 | Spider:4 | Got a gossamer rune of Zot
 41558 | Spider:4 | Identified the +2 hat of the Everdark {Dex+9}
 41989 | Vaults:1 | Entered Level 1 of the Vaults
 43248 | Vaults:1 | Found a runed translucent gate.
 43248 | Vaults:1 | Found a runed translucent gate.
 43248 | Vaults:1 | Found a runed translucent gate.
 43251 | Vaults:1 | Noticed Yjimoseergh's ghost (adept SpFE)
 44445 | Vaults:1 | Found a portal to a secret trove of treasure.
 44683 | Vaults:1 | Found an iron altar of Okawaru.
 44814 | Vaults:2 | Reached skill level 5 in Evocations
 44945 | Vaults:2 | Identified the +10 halberd of the Forging Gods {antimagic,
                  | rPois rC+ Dex-2}
 44953 | Vaults:2 | Reached skill level 21 in Unarmed Combat
 45590 | Vaults:2 | Learned a level 1 spell: Apportation
 45879 | Vaults:2 | Found Koumn's Assorted Antiques.
 45905 | Vaults:2 | Reached XP level 19. HP: 141/161 MP: 22/26
 46389 | Vaults:2 | Reached skill level 5 in Dodging
 47482 | Vaults:3 | Found a transporter.
 47482 | Vaults:3 | Noticed heteroy's ghost (veteran GrEE)
 47482 | Vaults:3 | Noticed a dread lich
 47508 | Vaults:3 | Found a transporter.
 47610 | Vaults:3 | Found Tica's Assorted Antiques.
 47890 | Vaults:3 | Found a staircase to the Crypt.
 48560 | Vaults:3 | Noticed a Brimstone Fiend
 48565 | Vaults:3 | Killed a dread lich
 48574 | Vaults:3 | Reached XP level 20. HP: 162/170 MP: 26/28
 49669 | Vaults:4 | Noticed Sojobo
 49684 | Vaults:4 | HP: 6/171 [tengu reaver/+0 battleaxe[Sojobo] (14)]
 49685 | Vaults:4 | Killed from afar by an ironbound thunderhulk

Illustrated notes

Levels and vault maps discovered:
D:1:      dpeg_arrival_central, layout_basic, minmay_heptomino_h4
D:2:      layout_basic, serial_shops, nicolae_shop_advertising_works
          [nicolae_subvault_shop_adworks],
          hellmonk_ecumenical_altar_prayer_group, serial_bayou,
          serial_bayou_shore_b, serial_bayou_pond_a, serial_bayou_shore_a,
          serial_bayou_pond_b, serial_bayou_pond_a, serial_bayou_lagoon_a,
          minmay_stone_trees_small, minmay_crystal_water
D:3:      layout_basic, kennysheep_donut
D:4:      layout_gridville, mainiacjoe_overflow_surrounded_room,
          nicolae_uskayaw_dance_hall, overflow_temple_1_default,
          kennysheep_generic_room_9
D:5:      layout_gridville, nicolae_dithmenos_shadow_blocks, kennysheep_mini
D:6:      layout_rooms, hangedman_decor_growths
D:7:      layout_basic, kennysheep_little_box, minmay_temple_entry_sparse_star,
          nicolae_shop_gadgets, uniq_pikel, uniq_maggie, uniq_menkaure,
          uniq_prince_ribbit1, uniq_crazy_yiuf_cottage
D:8:      layout_loops_corners, kennysheep_mini_moat, minmay_lair_entry_grove,
          nicolae_ossuary_entry_plus, minmay_increasing_density
D:9:      layout_loops_cross, okawaru_ov_weapons_minmay
D:10:     layout_gridville, uniq_erolcha
D:11:     minmay_the_grid_square_5x5_5x5
          [minmay_the_grid_square_5x5_spiral_small,
          minmay_the_grid_square_5x5_broken_cross,
          minmay_the_grid_square_5x5_slash,
          minmay_the_grid_square_5x5_sharp_hourglass,
          minmay_the_grid_square_5x5_bite, minmay_the_grid_square_5x5_z,
          minmay_the_grid_square_5x5_prize_snowflake,
          minmay_the_grid_square_5x5_tri_point,
          minmay_the_grid_square_5x5_prize_rear_guard,
          minmay_the_grid_square_5x5_lines, minmay_the_grid_square_5x5_six,
          minmay_the_grid_square_5x5_pentomino_r,
          minmay_the_grid_square_5x5_prize_itemx,
          minmay_the_grid_square_5x5_six_small,
          minmay_the_grid_square_5x5_seven, minmay_the_grid_square_5x5_forky,
          minmay_the_grid_square_5x5_prize_deathbox,
          minmay_the_grid_square_5x5_corner,
          minmay_the_grid_square_5x5_prize_open,
          minmay_the_grid_square_5x5_three_small,
          minmay_the_grid_square_5x5_fancy_junction,
          minmay_the_grid_square_5x5_two_small,
          minmay_the_grid_square_5x5_intrusive_squares,
          minmay_the_grid_square_5x5_inner_z,
          minmay_the_grid_square_5x5_hourglass], layout_loops_cross
D:12:     layout_stronghold, hangedman_feature_mirror
D:13:     layout_loops_ring, uniq_frances, uniq_rupert
D:14:     kennysheep_bubbly, layout_long_grid, david_vaults_3,
          serial_park_square2, minmay_variable_closet
D:15:     grunt_enter_depths_hoard, layout_stronghold, minmay_door_square
Lair:1:   layout_regular_city, dreamdust_gnoll_shepherd
Lair:2:   layout_gridlike, hellmonk_spider_entry_life_and_decay,
          gammafunk_ghost_ooze, infiniplex_staircase_pool, lemuel_fruit_fields,
          uniq_nergalle
Lair:3:   layout_regular_city, minmay_shoals_entry_hut, gauntlet_entry_generic,
          basic_altar, eino_house_with_fridge
Lair:4:   layout_gridlike, basic_altar, grunt_megastairs_3
Lair:5:   gammafunk_lair_ancient_temple, layout_regular_city,
          minmay_slime_entry_pillars
Spider:1: spiders_nest_a, uniq_jorgrun
Spider:2: layout_cave_pods, ebering_ghost_disaster_area,
          nicolae_spider_cling_halls
Spider:3: layout_spider_delve, hangedman_spider_tarantella_strand
Spider:4: guppyfry_spider_rune, nicolae_spider_baby_got_redback
Orc:1:    layout_caves, serial_shops, shop, nicolae_shop_behind_doors,
          nicolae_shop_bloodbath_and_beyond, nicolae_shop_behind_doors, shop,
          guppyfry_orc_lava_fort, uniq_josephine, uniq_harold
Orc:2:    grunt_orc_gardens, layout_caves, grunt_orc_garden, grunt_orc_garden,
          grunt_orc_garden, grunt_orc_garden, basic_altar
Vaults:1: gammafunk_ghost_fury_of_okawaru, nicolae_vaults_little_squares_2,
          hangedman_vaults_nodes, vaults_room_door_hall,
          nicolae_vaults_network_periphery, v_misc_17, vaults_dpeg_encased_lava,
          hangedman_vaults_capsules, v_misc_3, vaults_dpeg_cross,
          vaults_mumra_minichess_inversion, layout_vaults_omnigrid,
          nicolae_trove_entry_crystal
Vaults:2: vaults_dpeg_diagonal, nicolae_vaults_shelves_hall,
          ontoclasm_vaults_tryst, vaults_room_ringed_pool,
          ontoclasm_vaults_ring_small, ontoclasm_vaults_eye, st_more_cells,
          vaults_room_door_hall, layout_vaults_ring, serial_shops,
          nicolae_shop_statue_plus
Vaults:3: gammafunk_ghost_mausoleum, v_rooms_6, grunt_vaults_hallway_long,
          v_rooms_6, nicolae_vaults_circle_grid_b, vaults_room_pools,
          vaults_room_large_hall, minmay_crypt_entry_simple_box, v_misc_4,
          v_misc_9, layout_vaults_omnibox, serial_shops,
          nicolae_shop_statue_plus
Vaults:4: nicolae_vaults_network_barrier, nicolae_vaults_mini_display_case,
          v_pattern_3, ontoclasm_vaults_ring_small,
          nicolae_vaults_diagonal_hallway_9, ontoclasm_vaults_ring_large,
          vaults_dpeg_doors, nicolae_vaults_alarming, hangedman_vaults_slice,
          nicolae_vaults_asterisk, layout_vaults_maze_snakey, uniq_mara,
          uniq_margery, uniq_sojobo

Skill      XL: |  1  2  3  4  5  6  7  8  9 10 11 12 13 14 15 16 17 18 19 20 |
---------------+-------------------------------------------------------------+-----
Unarmed Combat | 1 2 3 4 5 6 7 10 11 13 14 16 17 18 20 21 | 21.9
Fighting       | 1 2 3 4 5 6 9 11 13 14 15 17 18 19 | 19.1
Armour         | 1 3 5 8 10 | 10.0
Shields        | 4 5 11 14 | 14.0
Invocations    | 4 8 10 11 13 | 13.5
Evocations     | 2 5 7 |  7.8
Dodging        | 4 6 7 |  7.2
Stealth        | |  2.1
Spellcasting   | |  1.7
Summonings     | |  3.6

Action                   |  1- 3 |  4- 6 |  7- 9 | 10-12 | 13-15 | 16-18 | 19-21 || total
-------------------------+-------+-------+-------+-------+-------+-------+-------++-------
Melee: Unarmed           |   122 |   127 |   268 |   513 |   968 |  1280 |   442 ||  3720
       Punch             |     5 |     2 |     9 |       |       |       |       ||    16
 Cast: Summon Small Mamm |     5 |       |     2 |       |       |       |       ||     7
       Call Imp          |    14 |    18 |    11 |     1 |       |       |       ||    44
Invok: Recall Ancestor   |       |       |     6 |     6 |    10 |     7 |     4 ||    33
       Ancestor Life: Ba |       |       |       |     1 |       |       |       ||     1
       Idealise          |       |       |       |       |       |     1 |       ||     1
Evoke: Wand              |       |       |     7 |     3 |     9 |     3 |     1 ||    23
       Condenser vane    |       |       |       |       |       |       |     1 ||     1
  Use: Scroll            |       |    15 |     5 |     2 |    25 |    12 |       ||    59
       Potion            |       |       |       |     3 |    12 |    12 |     6 ||    33
 Stab: Sleeping          |     4 |       |       |       |       |       |       ||     4
       Distracted        |       |       |     2 |     3 |    14 |    20 |     4 ||    43
       Paralysed         |       |       |       |     3 |       |       |       ||     3
       Invisible         |       |       |       |       |     8 |    10 |       ||    18
Armor: Robe              |    33 |     1 |       |       |       |       |       ||    34
       Ring mail         |       |    68 |    91 |       |       |       |       ||   159
       Swamp dragon scal |       |       |    77 |   229 |   320 |       |       ||   626
       Plate armour      |       |       |       |       |   125 |  1052 |   204 ||  1381
       Chain mail        |       |       |       |       |    48 |       |       ||    48
Dodge: Dodged            |    76 |    77 |   140 |   193 |   432 |   541 |   148 ||  1607
Block: Buckler           |       |       |    20 |    81 |    30 |       |       ||   131
       Kite shield       |       |       |       |       |   331 |   895 |   253 ||  1479
